[Event "Titled Tuesday Blitz November 22 Early 2022"]
[White "Topalov, Aleksandar"]
[Black "Przybylski, Wojciech"]
[WhiteFideId "925659"]
[BlackFideId "1117599"]
[WhiteElo "2179"]
[BlackElo "2221"]
[Result "1-0"]
[Round "02"]
[TimeControl "180+1"]
[Date "2022.11.23"]
[WhiteClock "0:00:07"]
[BlackClock "0:00:11"]

1. b3 e5 2. Bb2 Nc6 3. c4 Nf6 4. e3 Bd6 5. Nc3 O-O 6. d3 b6 7. g3 Bb7 8. Bg2 Qe7 9. Nge2 Ng4 10. h3 Nh6 11. Nd5 Qe6 12. O-O f5 13. Qd2 Kh8 14. f4 Nf7 15. Rae1 Ne7 16. fxe5 Nxe5 17. Nef4 Qf7 18. Nxe7 Bxg2 19. Qxg2 Qxe7 20. Nd5 Qg5 21. Nf4 Rae8 22. Kh2 Qh6 23. Bxe5 Rxe5 24. d4 Re4 25. Qf3 Rfe8 26. Nd5 Rg4 27. Rg1 Rh4 28. Nf4 Bxf4 29. gxf4 Qf6 30. Rg5 Rf8 31. Reg1 g6 32. Qd5 d6 33. Qc6 Qe7 34. R1g3 a5 35. a3 Kg7 36. Qd5 Qf7 37. Qc6 Qe7 38. b4 axb4 39. axb4 Kh8 40. Qd5 Rf6 41. Kg2 Kg7 42. Rxf5 Re6 43. Kf2 Kh8 44. Rfg5 Qf6 45. Kg2 Qe7 46. Qf3 Rf6 47. f5 Qf8 48. e4 c6 49. Qd3 d5 50. fxg6 Rf2+ 51. Kg1 hxg6 52. Rxg6 Rhf4 53. Rg8+ Qxg8 54. Rxg8+ Kxg8 55. Qg3+ Kf7 56. Qxf2 Rxf2 57. Kxf2 dxc4 58. Ke3 Kf6 59. h4 Kg6 60. e5 Kf5 61. h5 Kg5 62. e6 Kf6 63. h6 c3 64. h7 Kxe6 65. h8=Q Kd5 66. Qh1+ Kd6 67. Qe4 c5 68. dxc5+ bxc5 69. bxc5+ Kxc5 70. Kd3 c2 71. Kxc2 Kd6 72. Kd3 Kc5 73. Qe5+ Kb4 74. Qc7 Kb5 75. Kd4 Kb4 76. Qc4+ Ka5 77. Qb3 Ka6 78. Kc5 Ka7 79. Kc6 Ka8 80. Qb7# 1-0


[Site "https://www.chess.com"]

[Event "Titled Tuesday Blitz November 22 Early 2022"]
[White "Torres Dominguez, David"]
[Black "Begunov, Konstantin"]
[WhiteFideId "2220857"]
[BlackFideId "4118510"]
[WhiteElo "2037"]
[BlackElo "2140"]
[Result "0-1"]
[Round "02"]
[TimeControl "180+1"]
[Date "2022.11.23"]
[WhiteClock "0:00:04"]
[BlackClock "0:00:19"]

1. e4 c5 2. Nf3 d6 3. d4 cxd4 4. Nxd4 Nf6 5. Nc3 a6 6. f4 e5 7. Nf3 Nbd7 8. a4 Be7 9. Bd3 O-O 10. O-O b6 11. Qe1 Bb7 12. Kh1 Qc7 13. Nh4 g6 14. Nf3 Rfe8 15. fxe5 Nxe5 16. Nxe5 dxe5 17. Qf2 Rf8 18. Bh6 Ng4 19. Qd2 Nxh6 20. Qxh6 Rad8 21. Rad1 Rd4 22. Qh3 Qd7 23. Qg3 Qe6 24. b3 Kg7 25. Ne2 Rd7 26. Qf3 Qf6 27. Qg3 Qg5 28. Qh3 Rfd8 29. Ng3 f6 30. Ne2 Bc8 31. Qf3 Bc5 32. Ng3 Rd6 33. Bc4 Bg4 34. Rg1 Bxf3 35. Rxd6 Rxd6 36. gxf3 Bxg1 37. Kxg1 Qe3+ 38. Kg2 Rd2+ 39. Kh3 Qh6+ 40. Kg4 Qf4+ 41. Kh3 Qxf3 42. Bf1 h5 43. b4 h4 44. Kxh4 Rxh2+ 45. Bh3 g5# 0-1


[Site "https://www.chess.com"]

[Event "Titled Tuesday Blitz November 22 Early 2022"]
[White "Tristan, Leonardo"]
[Black "Mohammed, Dilshad"]
[WhiteFideId "113816"]
[BlackFideId "5050421"]
[WhiteElo "2461"]
[BlackElo "2102"]
[Result "1-0"]
[Round "02"]
[TimeControl "180+1"]
[Date "2022.11.23"]
[WhiteClock "0:02:17"]
[BlackClock "0:00:41"]

1. d4 d5 2. Nf3 Nf6 3. Bf4 e6 4. e3 Bd6 5. Nbd2 Bxf4 6. exf4 c5 7. dxc5 Qc7 8. g3 Qxc5 9. Bd3 h6 10. O-O O-O 11. Re1 Nc6 12. c3 Bd7 13. Ne5 Rfd8 14. Ndf3 Be8 15. Qe2 a6 16. Rad1 b5 17. a3 Na5 18. b4 Qxc3 19. bxa5 Qxa5 20. Qb2 Rac8 21. Nd4 Qa4 22. Bc2 Qa5 23. Bb1 Rc7 24. Rc1 Rdc8 25. Kg2 Qb6 26. Rxc7 Rxc7 27. f5 exf5 28. Nxf5 Ne4 29. Bxe4 dxe4 30. Nd7 f6 31. Nxb6 1-0


[Site "https://www.chess.com"]

[Event "Titled Tuesday Blitz November 22 Early 2022"]
[White "Tsaruk, Maksim"]
[Black "Padmini, Rout"]
[WhiteFideId "13511173"]
[BlackFideId "5029295"]
[WhiteElo "2300"]
[BlackElo "2296"]
[Result "1-0"]
[Round "02"]
[TimeControl "180+1"]
[Date "2022.11.23"]
[WhiteClock "0:00:26"]
[BlackClock "0:00:19"]

1. e4 e6 2. d4 d5 3. exd5 exd5 4. Bd3 Nf6 5. Nf3 Bd6 6. Qe2+ Qe7 7. Qxe7+ Kxe7 8. Nc3 c6 9. Ne2 Ne4 10. Bf4 Bf5 11. Bxd6+ Nxd6 12. Bxf5 Nxf5 13. O-O-O Nd7 14. Rhe1 Kd6 15. Ng5 Raf8 16. g4 Ne7 17. Ng3 h6 18. Nf3 f5 19. g5 f4 20. Nh5 g6 21. Ng7 Rf7 22. Re6+ Kc7 23. Rde1 Rxg7 24. Rxe7 Rxe7 25. Rxe7 hxg5 26. Ne5 Rd8 27. Rg7 Kc8 28. Nxg6 Re8 29. Kd1 Nf6 30. Ne5 g4 31. Nxg4 Nxg4 32. Rxg4 f3 33. Rf4 Rh8 34. h4 Kd7 35. c3 Ke6 36. Kd2 Rg8 37. Rxf3 Rh8 38. Rf4 Rg8 39. Ke3 Rg1 40. Rf3 Rh1 41. Kf4 Rxh4+ 42. Kg5 Rh1 43. Re3+ Kd6 44. f4 Rg1+ 45. Kf6 Rg2 46. b4 Rxa2 47. f5 a5 48. bxa5 Rxa5 49. Kg7 Ra1 50. f6 Rg1+ 51. Kf8 Rf1 52. f7 c5 53. Ke8 cxd4 54. cxd4 b5 55. f8=Q+ Rxf8+ 56. Kxf8 b4 57. Rb3 1-0


[Site "https://www.chess.com"]

[Event "Titled Tuesday Blitz November 22 Early 2022"]
[White "Urazayev, Arystanbek"]
[Black "Kleiman, Jake"]
[WhiteFideId "13709810"]
[BlackFideId "2020041"]
[WhiteElo "2441"]
[BlackElo "2574"]
[Result "1-0"]
[Round "02"]
[TimeControl "180+1"]
[Date "2022.11.23"]
[WhiteClock "0:00:39"]
[BlackClock "0:00:03"]

1. d4 Nf6 2. c4 e6 3. Nc3 Bb4 4. e3 O-O 5. Bd3 d5 6. a3 Bxc3+ 7. bxc3 c5 8. cxd5 exd5 9. dxc5 Nbd7 10. Ne2 Nxc5 11. Bc2 b6 12. O-O Ba6 13. Re1 Nce4 14. f3 Nd6 15. a4 Re8 16. Nd4 Rc8 17. Qd2 Qc7 18. Qf2 Qxc3 19. Bb2 Qc7 20. Rac1 Qd7 21. Qg3 Nc4 22. Nf5 Nh5 23. Qg4 Qe6 24. Bxg7 Qg6 25. Nh6+ Kxg7 26. Bxg6 hxg6 27. Nf5+ Kg8 28. Qg5 Rc7 29. g4 Ng7 30. Nh6+ Kf8 31. Qxd5 Re6 32. g5 Ne8 33. Qd4 Ke7 34. Ng8+ Kf8 35. Qh8 1-0


[Site "https://www.chess.com"]

[Event "Titled Tuesday Blitz November 22 Early 2022"]
[White "Vaibhav Jayant Raut"]
[Black "Izuzquiza Gonzalez, Javier"]
[WhiteFideId "5089034"]
[BlackFideId "3101029"]
[WhiteElo "2147"]
[BlackElo "2034"]
[Result "1-0"]
[Round "02"]
[TimeControl "180+1"]
[Date "2022.11.23"]
[WhiteClock "0:01:48"]
[BlackClock "0:00:36"]

1. c4 c5 2. g3 Nc6 3. Bg2 g6 4. Nc3 Bg7 5. d3 d6 6. a3 e5 7. Rb1 Nge7 8. b4 cxb4 9. axb4 a6 10. h4 h5 11. Nf3 O-O 12. O-O Be6 13. Ng5 Bg4 14. b5 axb5 15. Nxb5 Qd7 16. Ne4 Nc8 17. Bh6 Ra2 18. Nbc3 Ra3 19. Bxg7 Kxg7 20. Qc1 Ra6 21. Qb2 Rb6 22. Qd2 Rxb1 23. Rxb1 Nd4 24. Qg5 f5 25. Nc5 Qd8 26. Rxb7+ 1-0


[Site "https://www.chess.com"]

[Event "Titled Tuesday Blitz November 22 Early 2022"]
[White "Vasques, Antonio Pedro Freixial"]
[Black "Postnikov, Daniil"]
[WhiteFideId "1908332"]
[BlackFideId "4166329"]
[WhiteElo "2243"]
[BlackElo "2261"]
[Result "1-0"]
[Round "02"]
[TimeControl "180+1"]
[Date "2022.11.23"]
[WhiteClock "0:00:20"]
[BlackClock "0:00:06"]

1. e4 c5 2. Nc3 e6 3. Nf3 Nc6 4. d4 cxd4 5. Nxd4 Nf6 6. g3 d6 7. Bg2 Bd7 8. Nb3 Be7 9. O-O O-O 10. Be3 a6 11. f4 Rc8 12. g4 Ne8 13. g5 b5 14. a3 Na5 15. Nxa5 Qxa5 16. Qh5 Bc6 17. Rf3 g6 18. Qh6 f5 19. Rh3 Rf7 20. exf5 exf5 21. Bd4 b4 22. Qxg6+ Rg7 23. Qe6+ Kf8 24. Bxg7+ Nxg7 25. Qxc8+ Be8 26. Nd5 bxa3 27. Raxa3 Qc5+ 28. Qxc5 dxc5 29. Rxa6 c4 30. Nxe7 Kxe7 31. Rxh7 Kf8 32. Ra8 Kg8 33. Rxg7+ Kxg7 34. Rxe8 Kg6 35. Re6+ Kh5 36. Bf3+ Kh4 37. Rh6# 1-0


[Site "https://www.chess.com"]

[Event "Titled Tuesday Blitz November 22 Early 2022"]
[White "Viskelis, Darius"]
[Black "Ovchinnikov, Vsevolod"]
[WhiteFideId "12800830"]
[BlackFideId "24176842"]
[WhiteElo "2025"]
[BlackElo "2376"]
[Result "1/2-1/2"]
[Round "02"]
[TimeControl "180+1"]
[Date "2022.11.23"]
[WhiteClock "0:00:27"]
[BlackClock "0:00:05"]

1. e4 g6 2. h4 h5 3. d4 Bg7 4. Nf3 c5 5. Be3 Nf6 6. Nc3 Ng4 7. Bg5 cxd4 8. Nxd4 Nc6 9. Nxc6 bxc6 10. Bc4 Qb6 11. Qf3 Ne5 12. Qe2 Nxc4 13. Qxc4 Qxb2 14. Kd2 Ba6 15. Qb3 Qxb3 16. axb3 Bb7 17. Ra4 d6 18. Rb4 Bc8 19. Ne2 c5 20. Ra4 a6 21. Nc3 e6 22. Nb5 Kd7 23. Bf4 e5 24. Bg5 Bb7 25. Nc3 f5 26. Nd5 Bxd5 27. exd5 Rhb8 28. Rha1 Rb6 29. g3 e4 30. R1a2 Bd4 31. Be3 Bxe3+ 32. Kxe3 Ke7 33. Kf4 Kf6 34. Ra5 Kf7 35. R5a4 Kf6 36. Ra5 Ra7 37. R5a4 Kf7 38. Ra1 Kg7 39. Kg5 Kf7 40. R1a2 Kg7 41. Ra1 Ra8 42. R1a2 Ra7 43. Ra1 1/2-1/2


[Site "https://www.chess.com"]

[Event "Titled Tuesday Blitz November 22 Early 2022"]
[White "Vlassov, Nikolai"]
[Black "Aradhya, Garg"]
[WhiteFideId "4103360"]
[BlackFideId "25006746"]
[WhiteElo "2324"]
[BlackElo "2223"]
[Result "0-1"]
[Round "02"]
[TimeControl "180+1"]
[Date "2022.11.23"]
[WhiteClock "0:01:01"]
[BlackClock "0:01:40"]

1. e4 e5 2. Bc4 Nf6 3. d3 c6 4. Nf3 d5 5. Bb3 a5 6. Nc3 Bb4 7. a3 Bxc3+ 8. bxc3 Bg4 9. h3 Bxf3 10. Qxf3 O-O 11. exd5 a4 12. Ba2 Nxd5 13. Bxd5 Qxd5 14. Qxd5 cxd5 15. Rb1 Rc8 16. Rxb7 Rxc3 17. Kd2 Rc8 18. Bb2 Nc6 19. Rb1 f6 20. Bc1 Nd4 21. R1b2 Rc6 22. R7b4 Rac8 23. c4 dxc4 24. dxc4 Rxc4 25. Rxc4 Rxc4 26. Rb8+ Kf7 27. Rb7+ Kg6 28. Bb2 Rc2+ 29. Ke1 Nb3 30. Bxe5 fxe5 31. Rb4 Nc5 32. g3 Nd3+ 0-1


[Site "https://www.chess.com"]

[Event "Titled Tuesday Blitz November 22 Early 2022"]
[White "Wagner, Dennis"]
[Black "Kovacevic, Radmila"]
[WhiteFideId "24650684"]
[BlackFideId "933171"]
[WhiteElo "2470"]
[BlackElo "2208"]
[Result "1-0"]
[Round "02"]
[TimeControl "180+1"]
[Date "2022.11.23"]
[WhiteClock "0:00:32"]
[BlackClock "0:00:02"]

1. d4 Nf6 2. Nf3 d5 3. c4 c6 4. Nc3 g6 5. cxd5 cxd5 6. Bf4 Bg7 7. e3 O-O 8. h3 Nc6 9. Be2 Nh5 10. Bh2 f5 11. Rc1 f4 12. Nxd5 Qa5+ 13. Nc3 e5 14. dxe5 Be6 15. Nd4 Bxe5 16. Nxe6 fxe3 17. Nxf8 exf2+ 18. Kxf2 Rxf8+ 19. Bf3 Qc5+ 20. Ke1 Bxh2 21. Qd5+ Qxd5 22. Bxd5+ Kg7 23. Rxh2 Ng3 24. Bf3 Ne5 25. Rd1 Nf5 26. Kf2 Nh4 27. Rhh1 Nhxf3 28. gxf3 Nxf3 29. Rd7+ Kh6 30. Kg3 Ne5 31. Rxb7 Rf3+ 32. Kg2 Rd3 33. Re1 Nc4 34. Rb4 Ne3+ 35. Kf2 Nf5 36. h4 Rh3 37. Ree4 Rh2+ 38. Kg1 Rc2 39. Re2 Rc1+ 40. Kf2 a5 41. Rf4 Rh1 42. Kg2 1-0


[Site "https://www.chess.com"]

[Event "Titled Tuesday Blitz November 22 Early 2022"]
[White "Winkels, Marcel"]
[Black "Storey, Charles H"]
[WhiteFideId "1003887"]
[BlackFideId "406686"]
[WhiteElo "1900"]
[BlackElo "2252"]
[Result "0-1"]
[Round "02"]
[TimeControl "180+1"]
[Date "2022.11.23"]
[WhiteClock "0:00:01"]
[BlackClock "0:00:07"]

1. d4 g6 2. Nc3 Bg7 3. Nf3 c5 4. e4 Qa5 5. dxc5 Bxc3+ 6. bxc3 Qxc3+ 7. Bd2 Qxc5 8. Bd3 Nc6 9. O-O d6 10. Re1 Nf6 11. h3 O-O 12. Rb1 b6 13. Rb5 Qa3 14. Qb1 Be6 15. Rb2 Rfc8 16. Re3 Qc5 17. Rb5 Qa3 18. Bc4 Qxe3 19. Bxe3 Bxc4 20. Rb2 Nxe4 21. Nd4 Nc3 22. Qe1 Nxd4 23. Bxd4 Ne2+ 24. Kh2 Nxd4 25. c3 Ne6 26. Rb4 d5 27. Rb2 b5 28. a3 a5 29. Rd2 Rc7 30. Qe5 Rac8 31. f4 Rc5 32. Qe3 R8c7 33. g4 Nf8 34. f5 R5c6 35. Rf2 Rf6 36. g5 Rxf5 37. Rxf5 gxf5 38. Qf4 Ne6 39. Qxf5 b4 40. axb4 axb4 41. cxb4 d4 42. b5 Rc5 43. Qf2 Bxb5 44. Qb2 d3 45. Kg3 Rxg5+ 46. Kf2 Rc5 47. Ke3 Rh5 48. Qg2+ Kf8 49. Qa8+ Kg7 50. Qg2+ Rg5 51. Qb2+ f6 52. h4 Re5+ 53. Kf3 Bc4 54. Qg2+ Kf7 55. Qb2 Re2 56. Qc3 Ba6 57. Qa5 d2 58. Qa4 Rh2 59. h5 Be2+ 0-1


[Site "https://www.chess.com"]

[Event "Titled Tuesday Blitz November 22 Early 2022"]
[White "Winterberg, Lukas"]
[Black "Spalir, Monika"]
[WhiteFideId "24622702"]
[BlackFideId "14609118"]
[WhiteElo "2349"]
[BlackElo "2032"]
[Result "1-0"]
[Round "02"]
[TimeControl "180+1"]
[Date "2022.11.23"]
[WhiteClock "0:01:28"]
[BlackClock "0:00:04"]

1. Nf3 Nf6 2. b3 e6 3. Bb2 d5 4. g3 c5 5. Bg2 Nc6 6. O-O Be7 7. c4 O-O 8. cxd5 exd5 9. d4 Bf5 10. dxc5 Bxc5 11. Nc3 Rc8 12. Rc1 Re8 13. Na4 Bf8 14. e3 Ne4 15. Nd4 Bg6 16. Nc3 Ne5 17. Nf3 Bh5 18. Nxe4 Nxf3+ 19. Bxf3 Rxc1 20. Bxc1 Bxf3 21. Qxf3 dxe4 22. Qe2 Re5 23. Bb2 Rd5 24. Qg4 f5 25. Qe2 b5 26. Bd4 a6 27. Rc1 Bd6 28. a4 bxa4 29. bxa4 a5 30. Qa2 Kh8 31. Qxd5 1-0


[Site "https://www.chess.com"]

[Event "Titled Tuesday Blitz November 22 Early 2022"]
[White "Yeritsyan, Hayk"]
[Black "Zierk, Steven"]
[WhiteFideId "13307320"]
[BlackFideId "2034255"]
[WhiteElo "2387"]
[BlackElo "2494"]
[Result "0-1"]
[Round "02"]
[TimeControl "180+1"]
[Date "2022.11.23"]
[WhiteClock "0:00:04"]
[BlackClock "0:00:17"]

1. d4 Nf6 2. Nf3 g6 3. Bf4 Bg7 4. h3 O-O 5. e3 d6 6. c3 Nbd7 7. Be2 Re8 8. O-O b6 9. Bh2 Bb7 10. Nbd2 e5 11. Nc4 Ne4 12. Nfd2 Nxd2 13. Nxd2 Qe7 14. Bf3 e4 15. Be2 a5 16. Rc1 f5 17. a4 Nf6 18. Nc4 Kh8 19. Na3 Rf8 20. Nb5 Rad8 21. c4 g5 22. Qc2 c6 23. Nc3 Ba6 24. Rfe1 Qe6 25. d5 Qc8 26. dxc6 Qxc6 27. b3 Nd7 28. Nd5 Nc5 29. Red1 Rf7 30. Bh5 Rff8 31. Be2 Rf7 32. Rd2 Bc8 33. Bh5 Rb7 34. Rcd1 Be6 35. Be2 Rbd7 36. Bg3 h6 37. Bh2 Bf7 38. Nc3 Na6 39. Nd5 Nb4 40. Nxb4 axb4 41. Qb1 d5 42. cxd5 Rxd5 43. Rxd5 Rxd5 44. Bc4 Rxd1+ 45. Qxd1 Bxc4 46. bxc4 Qxc4 47. Qd8+ Kh7 48. Bd6 b3 49. Qe7 b2 50. Be5 b1=Q+ 51. Kh2 Qg8 52. Qd7 Qf8 53. Qe6 Bxe5+ 54. Qxe5 Qbb4 0-1


[Site "https://www.chess.com"]

[Event "Titled Tuesday Blitz November 22 Early 2022"]
[White "Yurovskykh, Oleksandr"]
[Black "Hartikainen, Jarmo"]
[WhiteFideId "14134020"]
[BlackFideId "503134"]
[WhiteElo "2265"]
[BlackElo "2195"]
[Result "1-0"]
[Round "02"]
[TimeControl "180+1"]
[Date "2022.11.23"]
[WhiteClock "0:00:15"]
[BlackClock "0:00:01"]

1. g3 Nf6 2. Bg2 g6 3. e4 d6 4. d4 Bg7 5. Ne2 O-O 6. O-O c5 7. c3 Nc6 8. h3 e5 9. Be3 b6 10. Qd2 Ba6 11. d5 Ne7 12. b3 Bxe2 13. Qxe2 Nd7 14. c4 f5 15. Nc3 f4 16. Bd2 g5 17. Bf3 Nf6 18. Bg4 Nxg4 19. Qxg4 Ng6 20. a3 Rc8 21. Rab1 Qf6 22. Qe2 Kf7 23. b4 Rh8 24. bxc5 dxc5 25. a4 h5 26. a5 g4 27. axb6 axb6 28. h4 Rhf8 29. Rb3 Rb8 30. Rfb1 Rfd8 31. Na4 Nxh4 32. gxh4 Qxh4 33. Rxb6 Rxb6 34. Nxb6 g3 35. f3 Qf6 36. Qg2 Rb8 37. Ba5 Bf8 38. Qh3 1-0


[Site "https://www.chess.com"]

[Event "Titled Tuesday Blitz November 22 Early 2022"]
[White "Zacurdajev, Dmitry"]
[Black "Matinian, Nikita"]
[WhiteFideId "4196309"]
[BlackFideId "24129100"]
[WhiteElo "2179"]
[BlackElo "2422"]
[Result "0-1"]
[Round "02"]
[TimeControl "180+1"]
[Date "2022.11.23"]
[WhiteClock "0:00:05"]
[BlackClock "0:01:13"]

1. d4 Nf6 2. c4 g6 3. Nc3 Bg7 4. e4 d6 5. Nf3 O-O 6. Be2 e5 7. Be3 Nc6 8. d5 Ne7 9. O-O Ng4 10. Bg5 h6 11. Bd2 f5 12. Ne1 c5 13. dxc6 bxc6 14. Bxg4 fxg4 15. Be3 g5 16. Qd2 Be6 17. b3 Qc7 18. Nc2 Rad8 19. Rfd1 Ng6 20. g3 Nf4 21. Nb4 Nh3+ 22. Kg2 a5 23. Nd3 Qf7 24. Qe2 Nf4+ 25. Bxf4 gxf4 26. Kg1 h5 27. Na4 h4 28. Rac1 Bh6 29. Rc2 hxg3 30. hxg3 f3 31. Qe1 Qh5 32. c5 Rf7 33. Nxe5 Qxe5 34. cxd6 Rxd6 35. Nc5 Rxd1 36. Qxd1 Bf8 37. Qd8 Qa1+ 0-1


[Site "https://www.chess.com"]

[Event "Titled Tuesday Blitz November 22 Early 2022"]
[White "Zaichenko, Daria"]
[Black "Ismayil, Malak"]
[WhiteFideId "4197453"]
[BlackFideId "13412604"]
[WhiteElo "2039"]
[BlackElo "1879"]
[Result "1-0"]
[Round "02"]
[TimeControl "180+1"]
[Date "2022.11.23"]
[WhiteClock "0:00:09"]
[BlackClock "0:00:06"]

1. e4 e5 2. Nf3 Nc6 3. Bc4 Bc5 4. d3 Nf6 5. c3 O-O 6. Bb3 h6 7. O-O d6 8. Nbd2 Be6 9. Re1 Qd7 10. Nf1 Rad8 11. Ng3 Rfe8 12. Nh4 d5 13. Qe2 Ng4 14. Rf1 dxe4 15. dxe4 Nf6 16. Ngf5 Ne7 17. Qf3 Nxf5 18. Nxf5 Bxf5 19. exf5 e4 20. Qg3 Qxf5 21. Bxh6 Nh5 22. Qg5 Qxg5 23. Bxg5 Be7 24. Bxe7 Rxe7 25. Rad1 Red7 26. Rxd7 Rxd7 27. Re1 Nf6 28. Kf1 Rd2 29. Re2 Rd7 30. h3 c5 31. g4 g5 32. Bc2 Re7 33. f3 e3 34. c4 b5 35. b3 bxc4 36. bxc4 Nd7 37. Be4 Nb6 38. Rxe3 Nxc4 39. Rd3 Ne5 40. Rd5 c4 41. Ke2 Kg7 42. Ke3 f6 43. Kd4 Rc7 44. Rc5 Rd7+ 45. Kc3 Nxf3 46. Rxc4 Ng1 47. Bg2 Ne2+ 48. Kb4 Nf4 49. Bc6 Rd2 50. Re4 Kf7 51. a4 Nxh3 52. Kc5 Nf2 53. Rb4 Rc2+ 54. Kd6 Nd3 55. Bd5+ Kf8 56. Rb8+ Kg7 57. Rb7+ Kh6 58. Be4 Rd2 59. Rh7# 1-0


[Site "https://www.chess.com"]

[Event "Titled Tuesday Blitz November 22 Early 2022"]
[White "Zainullina, Nataliya"]
[Black "Krzywda, Andrzej"]
[WhiteFideId "4145488"]
[BlackFideId "1114565"]
[WhiteElo "2100"]
[BlackElo "2149"]
[Result "0-1"]
[Round "02"]
[TimeControl "180+1"]
[Date "2022.11.23"]
[WhiteClock "0:00:08"]
[BlackClock "0:00:53"]

1. Nf3 c5 2. c4 b6 3. Nc3 Bb7 4. e4 e6 5. d4 cxd4 6. Nxd4 Nf6 7. f3 d6 8. Be3 a6 9. Be2 Nbd7 10. O-O Qc7 11. Nc2 Rc8 12. Qe1 Be7 13. Qf2 O-O 14. Rfd1 Rfe8 15. Rac1 Bd8 16. Bf4 Ne5 17. Be3 Ned7 18. Bf4 Be7 19. Be3 Kh8 20. h3 Rg8 21. a3 g5 22. b4 Nh5 23. Bf1 Nf4 24. Na4 h5 25. Nxb6 Nxb6 26. Bxb6 Qb8 27. Bd4+ e5 28. Be3 Rg6 29. Ne1 g4 30. Kh1 gxh3 31. gxh3 Rcg8 32. Nd3 Nxd3 33. Bxd3 Rg3 34. Qh2 Bc8 35. Bf1 Rxf3 36. Bg2 Rxe3 37. Rf1 Be6 38. c5 Rgg3 39. cxd6 Qxd6 40. Kg1 Bxh3 41. Rfd1 Qb6 42. Rc8+ Kh7 43. Kf1 Bxg2+ 44. Kf2 Ref3+ 45. Ke2 Qe3# 0-1


[Site "https://www.chess.com"]

[Event "Titled Tuesday Blitz November 22 Early 2022"]
[White "Zanette, Edgard Vinicius"]
[Black "Horak, Martin"]
[WhiteFideId "2109263"]
[BlackFideId "367095"]
[WhiteElo "2211"]
[BlackElo "2091"]
[Result "0-1"]
[Round "02"]
[TimeControl "180+1"]
[Date "2022.11.23"]
[WhiteClock "0:00:10"]
[BlackClock "0:00:06"]

1. d4 Nf6 2. Bf4 c6 3. e3 Qb6 4. Qc1 Nh5 5. Bg3 d6 6. Nf3 g6 7. Be2 Bg7 8. Nbd2 O-O 9. a4 c5 10. Nc4 Qc7 11. dxc5 Qxc5 12. O-O Nxg3 13. hxg3 Be6 14. Ncd2 Rc8 15. c3 Nc6 16. Nd4 Bd7 17. N2b3 Qb6 18. a5 Qc7 19. Nxc6 bxc6 20. Bf3 Rab8 21. Nd2 c5 22. Qc2 Rb5 23. Nc4 Be6 24. Be2 Rcb8 25. Rfb1 d5 26. Nd2 Rxa5 27. e4 Rxa1 28. Rxa1 Qb6 29. exd5 Bxd5 30. Nc4 Qe6 31. Ne3 Be4 32. Qd2 h5 33. Rxa7 Bf6 34. Bc4 Qb6 35. Rd7 Qxb2 36. Rd8+ Kg7 37. Qxb2 Rxb2 38. Bd5 Bd3 39. Rd7 Bxc3 40. Rxe7 Rb1+ 41. Kh2 Be1 42. Rxf7+ Kh6 43. g4 Bd2 44. gxh5 Kxh5 45. Bf3+ Kg5 46. Rd7 Bxe3 47. fxe3 c4 48. Rd5+ Kf6 49. Rc5 Re1 50. e4 Ke6 51. Rc6+ Ke5 52. Rxg6 c3 53. Rc6 c2 54. Rc5+ Kd4 55. Rd5+ Ke3 56. Rc5 c1=Q 57. Rxc1 Rxc1 58. Kg3 Bxe4 0-1


[Site "https://www.chess.com"]

[Event "Titled Tuesday Blitz November 22 Early 2022"]
[White "Zhigalko, Sergei"]
[Black "Gurevich, Dmitry"]
[WhiteFideId "13502956"]
[BlackFideId "2000407"]
[WhiteElo "2662"]
[BlackElo "2506"]
[Result "1-0"]
[Round "02"]
[TimeControl "180+1"]
[Date "2022.11.23"]
[WhiteClock "0:02:11"]
[BlackClock "0:01:42"]

1. e4 c5 2. Nf3 d6 3. d4 cxd4 4. Qxd4 a6 5. Bc4 e6 6. Nc3 Nf6 7. Qd3 Nbd7 8. Bf4 Nc5 9. Qe3 b5 10. Bb3 Bb7 11. e5 Ng4 12. Qe2 Bxf3 13. Qxf3 Nxe5 14. Bxe5 dxe5 15. Qc6+ Nd7 16. O-O-O Rc8 17. Qxa6 b4 18. Rxd7 Qxd7 19. Ba4 1-0


[Site "https://www.chess.com"]

[Event "Titled Tuesday Blitz November 22 Early 2022"]
[White "Aarav Dengla"]
[Black "Durarbayli, Vasif"]
[WhiteFideId "45059756"]
[BlackFideId "13402935"]
[WhiteElo "2261"]
[BlackElo "2586"]
[Result "0-1"]
[Round "03"]
[TimeControl "180+1"]
[Date "2022.11.23"]
[WhiteClock "0:00:01"]
[BlackClock "0:00:04"]

1. e4 c5 2. Nf3 d6 3. d4 cxd4 4. Nxd4 Nf6 5. Nc3 a6 6. Rg1 e5 7. Nb3 Be6 8. g4 d5 9. exd5 Nxd5 10. Nxd5 Qxd5 11. Qxd5 Bxd5 12. Be3 Nc6 13. O-O-O O-O-O 14. Bg2 Bxg2 15. Rxd8+ Kxd8 16. Rxg2 Kd7 17. Nd2 Ke6 18. Ne4 Be7 19. f3 Rc8 20. c3 f6 21. f4 exf4 22. Bxf4 Nb4 23. Bg3 Nd3+ 24. Kc2 Ne5 25. Re2 b5 26. g5 Kf5 27. gxf6 gxf6 28. a3 Rc6 29. Nd2 Bc5 30. Re4 Bb6 31. Rh4 Kg6 32. Bxe5 fxe5 33. Nf3 Re6 34. Kd3 Kf5 35. Rh5+ Kf4 36. Ke2 e4 37. Rh4+ Kf5 38. Nd2 h6 39. Rh5+ Kg4 40. Rd5 Kf4 41. Rh5 Bd8 42. Rh3 Bg5 43. Rg3 Ke5 44. Rg4 Kf5 45. Rg1 Rd6 46. Nf1 Rd3 47. Rg3 Rd8 48. Rg2 Ke5 49. Rf2 Bf4 50. Rg2 Rd6 51. Rg8 Bg5 52. Re8+ Kd5 53. Ng3 e3 54. Nf5 Rg6 55. Rxe3 Kc4 56. Re4+ Kb3 57. Rb4+ Kc2 58. Nd4+ Kb1 59. b3 Be7 60. Kd3 Bxb4 61. axb4 Rg2 62. c4 Rxh2 63. cxb5 axb5 64. Nxb5 h5 65. Nd4 h4 66. b5 Rf2 67. b6 h3 68. Ke3 Rf8 69. Nf3 Kb2 0-1


[Site "https://www.chess.com"]

[Event "Titled Tuesday Blitz November 22 Early 2022"]
[White "Ajay, Karthikeyan"]
[Black "Pultinevicius, Paulius"]
[WhiteFideId "35011685"]
[BlackFideId "12809390"]
[WhiteElo "2337"]
[BlackElo "2493"]
[Result "0-1"]
[Round "03"]
[TimeControl "180+1"]
[Date "2022.11.22"]
[WhiteClock "0:00:05"]
[BlackClock "0:00:06"]

1. e4 g6 2. d4 Bg7 3. Nf3 d6 4. h3 a6 5. Be2 b5 6. a4 bxa4 7. Rxa4 Bb7 8. Bd3 Nd7 9. c3 Ngf6 10. Qe2 c5 11. d5 O-O 12. Bg5 h6 13. Bf4 Re8 14. O-O e6 15. dxe6 Rxe6 16. Nbd2 d5 17. e5 Nb6 18. Raa1 a5 19. Rfe1 Nfd7 20. h4 a4 21. h5 Qe7 22. hxg6 fxg6 23. Bg3 Re8 24. c4 Nxe5 25. Nxe5 Bxe5 26. Bxe5 Rxe5 27. Qxe5 Qxe5 28. Rxe5 Rxe5 29. cxd5 Bxd5 30. Kf1 Kg7 31. Rc1 Bf7 32. Nc4 Bxc4 33. Bxc4 Re4 34. Bb5 Rb4 35. Rxc5 Rxb2 36. Rc7+ Kf8 37. Bc6 Rc2 38. Ke1 a3 39. Ra7 a2 40. Kd1 Rxc6 41. Rxa2 Rf6 42. g3 Kg7 43. Ke2 h5 44. Kf1 Nd5 45. Kg2 Rf7 46. Rd2 Nf6 47. Rd4 Ng4 48. Rd2 Kh6 49. Re2 Kg5 50. Rd2 Rxf2+ 51. Rxf2 Nxf2 52. Kxf2 Kg4 53. Kg2 g5 54. Kh2 Kf3 55. Kh3 g4+ 56. Kh4 Kg2 57. Kxh5 Kxg3 0-1


[Site "https://www.chess.com"]

[Event "Titled Tuesday Blitz November 22 Early 2022"]
[White "Akbas, Umut Ata"]
[Black "Bortnyk, Olexandr"]
[WhiteFideId "44572646"]
[BlackFideId "14120828"]
[WhiteElo "2192"]
[BlackElo "2723"]
[Result "1-0"]
[Round "03"]
[TimeControl "180+1"]
[Date "2022.11.22"]
[WhiteClock "0:00:19"]
[BlackClock "0:00:02"]

1. d4 d6 2. c4 e5 3. Nc3 exd4 4. Qxd4 Nc6 5. Qd2 g6 6. Nf3 Bg7 7. g3 Nf6 8. Bg2 O-O 9. O-O Be6 10. Nd5 Re8 11. Ng5 Bxd5 12. cxd5 Ne5 13. Qb4 h6 14. Nf3 Nxf3+ 15. Bxf3 b6 16. Qc4 Nd7 17. Bg2 a5 18. Qc2 Nc5 19. Be3 a4 20. Rac1 Qf6 21. b4 axb3 22. axb3 Ra3 23. b4 Na6 24. Qc4 Qb2 25. Rb1 Qc3 26. Qb5 Re7 27. Rfc1 Qe5 28. Bf3 h5 29. h4 Qf5 30. Bg5 Re5 31. Ra1 Rxd5 32. Bxd5 Rxa1 33. Rxa1 Bxa1 34. Qxa6 Bd4 35. Qa8+ Kg7 36. e3 Be5 37. Qc6 Qb1+ 38. Kg2 Qd3 39. b5 Qd2 40. Bf3 Qd3 41. Qxc7 Qxb5 42. Qd8 Qb3 43. Be7 Qe6 44. Qf8+ Kh7 45. Bg5 b5 46. Qb8 Qc4 47. Qb7 Qe6 48. Bd5 Qf5 49. Bxf7 Bg7 50. Bd5 b4 51. Qa8 Qd3 52. Qg8# 1-0


[Site "https://www.chess.com"]